 Dungeon Crawl Stone Soup version 0.22-a0-880-gb7b0c8b (webtiles) character file.

223 Amnesiac the Conjurer (level 5, -4/35 HPs)
             Began as a Mummy Fire Elementalist on July 30, 2018.
             Slain by a worker ant (6 damage)
             ... on level 4 of the Dungeon.
             The game lasted 00:03:45 (1709 turns).

Amnesiac the Conjurer (Mummy Fire Elementalist)     Turns: 1709, Time: 00:03:45

Health: -4/35      AC:  2    Str: 12    XL:     5   Next: 66%
Magic:  0/10       EV: 12    Int: 15    God:
Gold:   100        SH:  0    Dex: 12    Spells: 2/10 levels left

rFire    x . .     SeeInvis .   b - +0 hunting sling
rCold    + . .     Gourm    .   (no shield)
rNeg     + + +     Faith    .   a - +0 robe
rPois    ∞         Spirit   .   (no helmet)
rElec    .         Reflect  .   (no cloak)
rCorr    .         Harm     .   (no gloves)
MR       .....                  (no boots)
Stlth    ++........             (no amulet)
HPRegen  0.11/turn              (no ring)
MPRegen  0.12/turn              (no ring)

@: very slightly contaminated
A: no food or potions, fire vulnerability, cold resistance 1, negative energy
resistance 3, torment resistance, unbreathing
a: no special abilities


You were on level 4 of the Dungeon.
You were not hungry.

You visited 1 branch of the dungeon, and saw 4 of its levels.

You collected 100 gold pieces.

Inventory:

Hand Weapons
 b - a +0 hunting sling (weapon)
Missiles
 c - 67 stones (quivered)
Armour
 a - a +0 robe (worn)
Jewellery
 k - a cursed ring of teleportation {unknown}
Wands
 l - a wand of digging (6)
Scrolls
 d - 3 scrolls of remove curse {!r, unknown}
 e - a scroll of teleportation {!r, unknown}
 f - a scroll of enchant armour {!r, unknown}
 g - a scroll of fog {!r, unknown}
 h - 2 scrolls of identify {!r, unknown}
 i - a scroll of magic mapping {!r, unknown}
 j - a scroll of random uselessness {!r, unknown}


   Skills:
 - Level 1.5 Dodging
 - Level 1.5 Stealth
 + Level 3.4 Spellcasting
 * Level 3.6 Conjurations
 * Level 3.5 Fire Magic


You had 2 spell levels left.
You knew the following spells:

 Your Spells              Type           Power        Failure   Level  Hunger
a - Flame Tongue          Conj/Fire      ##...        4%          1    N/A
e - Sticky Flame          Conj/Fire      ##......     41%         4    N/A
s - Conjure Flame         Conj/Fire      ##......     13%         3    N/A

Your spell library contained the following spells:

 Spells                   Type           Power        Failure   Level  Hunger
 Fireball                 Conj/Fire      ##........   77%         5    N/A
 Throw Flame              Conj/Fire      ##....       7%          2    N/A
 Inner Flame              Hex/Fire       #.......     28%         3    N/A

Dungeon Overview and Level Annotations

Branches:
Dungeon (4/15)
 Temple: D:4-7

Altars:


Innate Abilities, Weirdness & Mutations

You do not eat or drink.
Your flesh is vulnerable to fire.
You are immune to poison.
Your flesh is cold resistant. (rC+)
You are immune to negative energy. (rN+++)
You are immune to unholy pain and torment.
You can survive without breathing.


Message History

Aim: a quokka (heavily wounded)
You shoot a stone. The stone closely misses the quokka.
The stone hits the ogre.
The ogre is heavily wounded.
The quokka bites you but does no damage.
Firing (i - inventory)
c - 70 stones (quivered)
Press: ? - help, Shift-Dir - straight line, f/p - quokka
Aim: a quokka (heavily wounded)
You shoot a stone. The stone closely misses the quokka.
The stone hits the ogre.
The ogre is severely wounded.
The quokka bites you.
* * * LOW HITPOINT WARNING * * *
The quokka barely misses you.
Firing (i - inventory)
c - 69 stones (quivered)
Press: ? - help, Shift-Dir - straight line, f/p - quokka
Aim: a quokka (heavily wounded)
You shoot a stone. The stone misses the quokka.
The stone hits the ogre but does no damage.
The ogre is severely wounded.
The quokka bites you.
* * * LOW HITPOINT WARNING * * *
Firing (i - inventory)
c - 68 stones (quivered)
Press: ? - help, Shift-Dir - straight line, f/p - quokka
Aim: a quokka (heavily wounded)
You shoot a stone. The stone barely misses the quokka.
The stone hits the ogre.
The ogre is severely wounded.
The quokka bites you.
* * * LOW HITPOINT WARNING * * *
The quokka bites you.
* * * LOW HITPOINT WARNING * * *
Casting: Sticky Flame (quite dangerous; 45% risk of failure)
Confirm with . or Enter, or press ? or * to list all spells.
Aiming: Flame Tongue (safe; 5% risk of failure)
Press: ? - help, Shift-Dir - straight line, f/p - quokka
Aim: a quokka (heavily wounded)
The flame tongue hits the quokka.
The quokka is almost dead.
The quokka bites you but does no damage.
Casting: Flame Tongue (safe; 5% risk of failure)
Confirm with . or Enter, or press ? or * to list all spells.
Aiming: Flame Tongue (safe; 5% risk of failure)
Press: ? - help, Shift-Dir - straight line, f/p - quokka
Aim: a quokka (almost dead)
The flame tongue misses the quokka.
The flame tongue hits the ogre.
You kill the ogre!
The quokka barely misses you.
Unknown command.
Casting: Flame Tongue (safe; 4% risk of failure)
Confirm with . or Enter, or press ? or * to list all spells.
Aiming: Flame Tongue (safe; 4% risk of failure)
Press: ? - help, Shift-Dir - straight line, f/p - quokka
Aim: a quokka (almost dead)
The flame tongue hits the quokka.
You kill the quokka!
Unknown command.
Casting: Flame Tongue (safe; 4% risk of failure)
Confirm with . or Enter, or press ? or * to list all spells.
Aiming: Flame Tongue (safe; 4% risk of failure)
Press: ? - help, Shift-Dir - straight line, f - worker ant
Aim: a worker ant You miscast Flame Tongue.
Strange energies run through your body. The worker ant closely misses you.
The worker ant bites you.
You die...

# ##. ... #.######..
#....<#....##########
#..#........@a)(....#
#..#..##.##########.#######
.........##....)........###
##.###.#.##..aO............
#...#....+................
..#.#...##................
#.#...>...................
###.#.##.###############
...#+##.##


You could see a worker ant.

Vanquished Creatures
  An ogre (D:4)
  An orc wizard (D:3)
  A worker ant (D:3)
  3 adders
  An ooze (D:1)
  2 worms
  A dart slug (D:1)
  A leopard gecko (D:4)
  2 orcs (D:3)
  A ball python (D:3)
  A giant cockroach (D:3)
  4 goblins
  3 hobgoblins
  2 jackals (D:3)
  3 quokkas
  3 bats
  4 frilled lizards
  6 kobolds
  6 rats
46 creatures vanquished.

Notes
Turn   | Place    | Note
-------+----------+-------------------------------------------
     0 | D:1      | Amnesiac the Mummy Fire Elementalist began the quest for the Orb.
     0 | D:1      | Reached XP level 1. HP: 13/13 MP: 4/4
    41 | D:1      | Reached skill level 1 in Conjurations
   276 | D:1      | Reached XP level 2. HP: 13/19 MP: 6/6
   590 | D:2      | Reached XP level 3. HP: 23/24 MP: 5/7
   595 | D:2      | Learned a level 3 spell: Conjure Flame
   888 | D:3      | Reached XP level 4. HP: 4/30 MP: 0/8
  1240 | D:4      | Noticed an ogre
  1248 | D:3      | Learned a level 4 spell: Sticky Flame
  1642 | D:4      | Reached XP level 5. HP: 35/35 MP: 4/9
  1705 | D:4      | HP: 1/35 [quokka (3)]
  1707 | D:4      | Killed an ogre
  1709 | D:4      | Slain by a worker ant

Vault maps used:
D:1:      erik_arrival_blinker_ship
D:3:      hangedman_feature_mirror, uniq_jessica

Skill      XL: |  1  2  3  4 |
---------------+-------------+-----
Conjurations   | 1 2 3 |  3.6
Spellcasting   | 3 |  3.4
Fire Magic     | 3 |  3.5
Dodging        | |  1.5
Stealth        | |  1.5

Action                   |  1- 3 |  4- 6 || total
-------------------------+-------+-------++-------
 Fire: Hunting sling     |    49 |    30 ||    79
 Cast: Flame Tongue      |    25 |    35 ||    60
       Conjure Flame     |     1 |       ||     1
Armor: Robe              |     1 |     5 ||     6
Dodge: Dodged            |    13 |    31 ||    44

Table legend:
 A = Spawn XP
 B = Non-spawn XP
 C = Spawn XP percentage of total XP
 D = Spawn monster count
 E = Non-spawn monster count
 F = Spawn count percentage of total count
 G = Total turns spent on level
                    A         B        C        D         E        F      G
               +---------+---------+-------+---------+---------+-------+---------
         Total |       0 |     319 |   0.0 |       0 |      46 |   0.0 |  1709
               +---------+---------+-------+---------+---------+-------+---------
           D:1 |       0 |      17 |   0.0 |       0 |       6 |   0.0 |   400
           D:2 |       0 |      29 |   0.0 |       0 |      10 |   0.0 |   292
           D:3 |       0 |     132 |   0.0 |       0 |      25 |   0.0 |   908
           D:4 |       0 |     141 |   0.0 |       0 |       5 |   0.0 |   109
               +---------+---------+-------+---------+---------+-------+---------
